 Dungeon Crawl Stone Soup version 0.28-a0-691-gad6df49e81 (webtiles) character file.

Game seed: 11664469418703391928

12 Woods the Caller (level 2, 0/15 HPs)
             Began as a Kobold Summoner on Oct 21, 2021.
             Slain by a quokka (2 damage)
             ... on level 1 of the Dungeon.
             The game lasted 00:02:34 (778 turns).

Woods the Caller (Kobold Summoner)                   Turns: 778, Time: 00:02:34

Health: 0/15       AC:  2    Str:  5    XL:     2   Next: 45%
Magic:  5/5        EV: 15    Int: 16    God:
Gold:   48         SH:  0    Dex: 15    Spells: 3/6 levels left

rFire   . . .      SeeInvis .   d - +0 dagger
rCold   . . .      Faith    .   (shield restricted)
rNeg    . . .      Spirit   .   a - +0 robe
rPois   .          Reflect  .   (no helmet)
rElec   .          Harm     .   (no cloak)
rCorr   .          Rampage  .   (no gloves)
Will    .....                   (no boots)
Stlth   +++.......              (no amulet)
HPRegen 0.05/turn               (no ring)
MPRegen 0.09/turn               (no ring)

@: no status effects
A: small, no large weapons, nightstalker 3
a: no special abilities


You were on level 1 of the Dungeon.
You visited 1 branch of the dungeon, and saw 1 of its levels.

You collected 48 gold pieces.

Inventory:

Hand Weapons
 d - a +0 dagger (weapon)
Armour
 a - a +0 robe (worn)
Potions
 b - a potion of flight {unknown}
 c - a potion of curing {unknown}


   Skills:
 - Level 2.4 Dodging
 - Level 2.6 Stealth
 + Level 2.6 Spellcasting
 + Level 4.3 Summonings


You had 3 spell levels left.
You knew the following spells:

 Your Spells              Type           Power      Damage    Failure   Level
a - Summon Small Mammal   Summ           60%        N/A       3%          1
b - Call Imp              Summ           15%        N/A       4%          2

Your spell library contained the following spells:

 Spells                   Type           Power      Damage    Failure   Level
 Call Canine Familiar     Summ           15%        N/A       10%         3
 Summon Guardian Golem    Hex/Summ       9%         N/A       24%         3
 Summon Lightning Spire   Summ/Air       9%         N/A       63%         4


Dungeon Overview and Level Annotations

Branches:
Dungeon (1/15)

Altars:


Innate Abilities, Weirdness & Mutations

You are small and have problems with some larger weapons.
You are completely attuned to the shadows.


Message History

The bat barely misses you. The bat misses you.
You hit the bat.
The bat is heavily wounded.
The bat closely misses you. The bat hits you but does no damage.
You barely miss the bat. The bat barely misses you. The bat misses you.
You closely miss the bat.
The bat is heavily wounded.
The bat closely misses you. The bat hits you.
You closely miss the bat.
The bat is heavily wounded.
The bat hits you.
You miss the bat. The bat barely misses you. The bat misses you.
The quokka barely misses you. The bat barely misses you.
The bat closely misses you. The quokka closely misses you.
Your crimson imp hits the quokka but does no damage.
The quokka barely misses you.
You hit the bat but do no damage. The bat closely misses you.
The quokka bites you.
You closely miss the quokka. The bat hits you but does no damage.
The quokka barely misses you.
You hit the quokka.
The quokka is heavily wounded.
The bat completely misses you.
Your crimson imp misses the bat.
The quokka bites you.
You closely miss the quokka.
The quokka is heavily wounded.
The quokka bites you.
* * * LOW HITPOINT WARNING * * *
Your crimson imp hits the bat.
The bat completely misses your crimson imp.
The bat hits your crimson imp. The quokka misses you.
The bat hits your crimson imp but does no damage.
Your crimson imp hits the bat.
The bat dies!
Your crimson imp blinks!
The quokka misses you. The quokka bites you.
You die...

.## #.# #.#
.########.# #.#
..........#
####.####
.##########
#........ .#
#.##.#### .###
##########.##.#
...#
#.........>##.#
.#.#
#.#######..##..
...# #.# #@.####
_..# #.# #r.###
## §.## #.#
#..... ... §##
#.# #..#####.##
### #.#
#5#####...## ..8
#.# #....5......
..≈# #.#
#######...## ..≈#
##.## #.....
..≈####...#######
#.....


You could see a quokka (ally target) and a friendly crimson imp (summoned).

Vanquished Creatures
  A frilled lizard (D:1)
1 creature vanquished.

Vanquished Creatures (collateral kills)
  A bat (D:1)
  An endoplasm (D:1)
  2 hobgoblins (D:1)
  3 jackals (D:1)
  A kobold (D:1)
  A rat (D:1)
9 creatures vanquished.

Grand Total: 10 creatures vanquished

Notes
Turn   | Place    | Note
-------+----------+-------------------------------------------
     0 | D:1      | Woods the Kobold Summoner began the quest for the Orb.
     0 | D:1      | Reached XP level 1. HP: 10/10 MP: 3/3
   135 | D:1      | Found a faded altar of an unknown god.
   619 | D:1      | Reached XP level 2. HP: 11/15 MP: 2/5
   622 | D:1      | Learned a level 2 spell: Call Imp
   778 | D:1      | Slain by a quokka

Illustrated notes

Levels and vault maps discovered:
D:1:      lightli_arrival_noodles, layout_loops_ring,
          ebering_ecumenical_altar_mist

Action                   || total
-------------------------++-------
Melee: Dagger            ||    27
       Unarmed           ||     2
 Cast: Summon Small Mamm ||    12
       Call Imp          ||     2
Armor: Robe              ||     5
Dodge: Dodged            ||    44

Table legend: (Time is in decaauts)
 A = Elapsed time spent in this place.
 B = Non-inter-level travel time spent in this place.
 C = Inter-level travel time spent in this place.
 D = Time resting spent in this place.
 E = Time spent auto-exploring this place.
 F = Levels seen in this place.
 G = Mean time per level.
                   A        B        C        D        E       F      G
               +--------+--------+--------+--------+--------+-----+--------+
         Total |    777 |    777 |      0 |    194 |    435 |   1 |  777.0 |
       Dungeon |    777 |    777 |      0 |    194 |    435 |   1 |  777.0 |
               +--------+--------+--------+--------+--------+-----+--------+

Top non-repeatable levels by time:
     D:1: 777 daAuts
